 Dungeon Crawl Stone Soup version 0.20-a0-923-g548304e (webtiles) character file.

67973 Infinimo the Minotaur Blade (level 14, -3/108 HPs)
             Began as a Minotaur Gladiator on Mar 26, 2017.
             Was the Champion of Hepliaklqana.
             Slain by a torturous demonspawn
             ... wielding a +0 great sword
              (14 damage)
             ... on level 2 of the Orcish Mines.
             The game lasted 00:46:07 (23200 turns).

Infinimo the Minotaur Blade (Minotaur Gladiator)   Turns: 23200, Time: 00:46:09

Health: -3/108     AC: 34    Str: 20    XL:     14   Next: 84%
Magic:  13/13      EV:  7    Int: 10    God:    Hepliaklqana [******]
Gold:   1070       SH:  0    Dex: 14    Spells: 13/13 levels left

rFire    + . .     SeeInvis .   I - +0 great sword
rCold    + + .     Gourm    .   (shield currently unavailable)
rNeg     . . .     Faith    .   s - +0 crystal plate armour {rC+}
rPois    +         Spirit   .   c - +1 hat
rElec    .         Reflect  .   C - +2 cloak {rPois}
rCorr    .         Harm     .   V - +0 pair of gloves of the Realm of Zot {rF+ Int+3}
MR       +....                  P - +2 pair of boots
Stlth    ..........             (no amulet)
Regen    0.3/turn               j - +3 ring of protection
MPRegen  0.2/turn               p - ring of protection from cold

@: about to teleport, studying Staves, heavily drained, invisible
A: retaliatory headbutt, reduced essence, horns 2
a: Recall Ancestor, Ancestor Identity, Transference, Idealise, Renounce Religion


You were on level 2 of the Orcish Mines.
You worshipped Hepliaklqana.
Hepliaklqana was exalted by your worship.
You were not hungry.

You visited 3 branches of the dungeon, and saw 21 of its levels.
You also visited: Ice Cave.

You collected 1517 gold pieces.
You spent 447 gold pieces at shops.

Inventory:

Hand Weapons
 i - a +1 quick blade of freezing
 I - a +0 great sword (weapon)
Missiles
 d - 5 throwing nets (quivered)
Armour
 c - a +1 hat (worn)
 s - a +0 crystal plate armour of cold resistance (worn)
 C - a +2 cloak of poison resistance (worn)
 P - a +2 pair of boots (worn)
 V - the +0 pair of gloves of the Realm of Zot (worn) {rF+ Int+3}
   (You bought it in a shop on level 2 of the Orcish Mines)

   It affects your intelligence (+3).
   It protects you from fire.
Jewellery
 j - a +3 ring of protection (left hand)
 p - a ring of protection from cold (right hand)
 S - an uncursed amulet of harm {unknown}
Wands
 t - a wand of disintegration (9/24)
 w - a wand of digging (12/24)
 B - a wand of digging (14/24)
 E - a wand of disintegration (18/24)
 M - a wand of iceblast (9/15)
Scrolls
 l - 2 scrolls of fog
 q - 6 scrolls of identify
 r - 5 scrolls of remove curse
 u - 3 scrolls of teleportation
 v - 4 scrolls of amnesia
 x - 2 scrolls of recharging
 y - 3 scrolls of enchant weapon
 z - 2 scrolls of enchant armour
 Q - a scroll of magic mapping {unknown}
 R - a scroll of blinking
 T - a scroll of summoning {unknown}
Potions
 a - a potion of might
 b - 2 potions of magic
 e - 9 potions of curing
 A - a potion of ambrosia {unknown}
 H - 2 potions of flight
 K - 3 potions of brilliance
Books
 k - the Papyrus of Arcane Weapons
   (You found it on level 6 of the Lair of Beasts)

   Spells                             Type                      Level
   a - Throw Frost                    Conjuration/Ice              2
   b - Mephitic Cloud                 Conjuration/Poison/Air       3
   c - Throw Icicle                   Conjuration/Ice              4
   d - Iskenderun's Battlesphere      Conjuration/Charms           5
   e - Bolt of Fire                   Conjuration/Fire             6
 o - a book of Conjurations

   Spells                             Type                      Level
   a - Magic Dart                     Conjuration                  1
   b - Searing Ray                    Conjuration                  2
   c - Dazzling Spray                 Conjuration/Hexes            3
   d - Fulminant Prism                Conjuration/Hexes            4
   e - Force Lance                    Conjuration/Translocation    4
   f - Iskenderun's Mystic Blast      Conjuration                  4
 G - a book of Clouds

   Spells                             Type                      Level
   a - Poisonous Vapours              Poison/Air                   2
   b - Mephitic Cloud                 Conjuration/Poison/Air       3
   c - Conjure Flame                  Conjuration/Fire             3
   d - Freezing Cloud                 Conjuration/Ice/Air          6
   e - Ring of Flames                 Charms/Fire                  7
 J - a book of Cantrips

   Spells                             Type                      Level
   a - Confusing Touch                Hexes                        1
   b - Animate Skeleton               Necromancy                   1
   c - Summon Small Mammal            Summoning                    1
   d - Apportation                    Translocation                1
 L - a book of Air

   Spells                             Type                      Level
   a - Shock                          Conjuration/Air              1
   b - Swiftness                      Charms/Air                   2
   c - Static Discharge               Conjuration/Air              3
   d - Airstrike                      Air                          4
   e - Lightning Bolt                 Conjuration/Air              5
 O - a manual of Staves
 U - a book of Changes

   Spells                             Type                      Level
   a - Beastly Appendage              Transmutation                1
   b - Sticks to Snakes               Transmutation                2
   c - Spider Form                    Transmutation/Poison         3
   d - Ice Form                       Ice/Transmutation            4
   e - Blade Hands                    Transmutation                5
Comestibles
 f - 3 bread rations
 g - 33 royal jellies
 h - 15 meat rations
 N - 4 fruits


   Skills:
 - Level 10.1(8.1) Fighting
 - Level 21.7(19.0) Long Blades
 - Level 2.0(0.3) Throwing
 + Level 14.8(12.5) Armour
 - Level 10.1(8.1) Dodging


You had 13 spell levels left.
You didn't know any spells.

Dungeon Overview and Level Annotations

Branches:
Dungeon (13/15)            Temple (0/1) D:5            Lair (6/6) D:9
 Shoals (0/4) Lair:3       Spider (0/4) Lair:2        Slime (0/5) Lair:6
    Orc (2/2) D:12            Elf (0/3) Orc:2
 Vaults: D:13-14

Altars:
Cheibriados
Hepliaklqana
Nemelex Xobeh
Sif Muna
Trog
Yredelemnul
Zin

Shops:
D:5 !   Orc:2 **


Innate Abilities, Weirdness & Mutations

You reflexively headbutt those who attack you in melee.
You have a pair of horns on your head.
Your life essence is reduced. (-10% HP)


Message History

The orc knight shouts!
You hear a shout!
The chaos spawn gores you. The chaos spawn freezes you. You resist.
The ynoxinul gestures.
A chaos spawn comes into view.
Unknown command.
As you read the scroll of teleportation, it crumbles to dust.
You feel strangely unstable.
The orc high priest invokes the aid of Beogh against you.
Beogh smites you!
* * * LOW HITPOINT WARNING * * *
2 orc high priests come into view.
Unknown command.
Unknown command.
You fade into invisibility!
The orc high priest shouts!
The orc high priest mumbles some strange prayers to Beogh against you.
Beogh smites you!
* * * LOW HITPOINT WARNING * * *
The torturous demonspawn hits you with a great sword!
You die...

# ##.)).#)..##
##...#....## #.
##∩.#.....##o .3 .
#.....#..##..6 #.#5..
##∩)#.....##.o# #5.o....
###...#....##..#
#.o##.#.#
.###....#...##.o#..##oo.#
..###....((..##o64##oo.#
.#.###.)###...##@##ooo#
###.###[R###...###o3o#
###.####[.###).)#oo3#
#..^.####..###.#.#.##
.......###..###...##
..#.....###..###.##
####.....###..#### ##
###.#..###..## .#
##...)###...#


You could see an orc knight, 3 orc high priests, 2 demonspawn, a ynoxinul, a
chaos spawn, an orc sorcerer, an orc warrior and 2 ufetubi.

Vanquished Creatures
  6 dire elephants
  Snorg (D:10)
  The ghost of Deemzul the Martial Artist, a journeyman OpMo of Hepliaklqana (Lair:3)
  7 hydras
  An anaconda (Lair:6)
  4 two-headed ogres
  Sonja (Lair:2)
  A sun demon (Orc:2)
  5 skeletal warriors (D:12)
  2 orc knights
  Pikel (D:7)
  An orc sorcerer (Orc:2)
  An ugly thing (D:12)
  The ghost of emsyzz the Cutter, a novice HaFi (D:6)
  22 elephants
  A centaur zombie (D:12)
  2 black mambas
  A smoke demon (Orc:2)
  Joseph (D:7)
  2 ice statues (IceCv)
  An orange demon (Orc:2)
  10 spiny frogs
  5 komodo dragons
  A red devil (Orc:2)
  9 ice devils (IceCv)
  A hellwing (Orc:2)
  A polar bear (Lair:4)
  A queen bee (Lair:3)
  3 trolls
  The ghost of Herrn the Slasher, an amateur FoMo (D:4)
  2 hornets
  9 blink frogs
  4 slime creatures
  6 hippogriffs
  6 dream sheep (Lair:6)
  Sigmund (D:5)
  A wraith (D:12)
  36 yaks
  A wyvern (Lair:3)
  3 fire bats (Lair:1)
  2 basilisks (Lair:6)
  3 wargs
  8 porcupines
  2 hell hounds (D:9)
  12 water moccasins
  3 black bears
  The ghost of Garrluk the Cudgeler, an amateur OgGl (D:5)
  A slave (D:7)
  5 ogres
  16 orc warriors
  4 sky beasts
  A hornet zombie (D:8)
  A necrophage (D:4)
  4 wolves (Lair:6)
  5 phantoms
  5 centaurs
  A big kobold (D:12)
  15 crocodiles
  A gnoll sergeant (D:7)
  16 bullfrogs
  2 hexers
  3 scorpions
  31 killer bees
  3 troll zombies (D:12)
  2 electric eels (Lair:4)
  2 howler monkeys
  2 crimson imps
  A bullfrog zombie (D:11)
  3 bullfrog skeletons
  3 hounds
  5 jellies
  2 centaur skeletons
  14 orc priests
  Crazy Yiuf (D:7)
  13 orc wizards
  8 worker ants
  2 iguanas
  3 ogre zombies (D:12)
  A hound zombie (D:7)
  A hound skeleton (D:10)
  A worker ant zombie (D:5)
  Robin (D:3)
  16 gnolls
  14 adders
  A howler monkey skeleton (D:9)
  7 shadow imps
  14 white imps
  10 ufetubi (IceCv)
  6 oozes
  An adder skeleton (D:10)
  A worm (D:2)
  3 dart slugs
  5 leopard geckos
  35 orcs
  6 bats
  8 giant cockroaches
  17 goblins
  9 hobgoblins
  9 jackals
  13 kobolds
  3 quokkas
  3 ball pythons
  6 frilled lizards
  2 goblin skeletons (D:12)
  3 orc skeletons (D:12)
  12 orc zombies (D:12)
  A quokka zombie (D:8)
  5 rats
  A fire vortex (Lair:1)
  2 plants (Lair:6)
587 creatures vanquished.

Vanquished Creatures (collateral kills)
  A hydra (Lair:6)
  A catoblepas (Lair:3)
  An elephant (Lair:3)
  3 spiny frogs
  2 komodo dragons
  2 trolls (Orc:2)
  A blink frog (Lair:4)
  2 yaks
  A water moccasin (Lair:2)
  An orc warrior (Orc:2)
  A sky beast (D:11)
  2 wolves (Lair:6)
  2 crocodiles
  4 bullfrogs
  A scorpion (D:8)
  3 killer bees (Lair:3)
  2 electric eels (Lair:4)
  A centaur zombie (D:10)
  A crimson imp (D:9)
  A bullfrog zombie (D:9)
  A hound (D:9)
  An orc priest (Orc:2)
  An orc wizard (Orc:2)
  A bullfrog skeleton (D:7)
  2 white imps
  4 orcs (Orc:2)
  A hobgoblin skeleton (D:12)
  An orc zombie (D:12)
45 creatures vanquished.

Vanquished Creatures (others)
  A reaper (IceCv)
  A slave (D:7)
  A hungry ghost (D:7)
  A scorpion (D:7)
  A howler monkey (D:7)
  17 hexers
  An ancestor (D:5)
  4 white imps (IceCv)
  2 ufetubi (IceCv)
  2 orcs
  A quokka (D:7)
  8 fungi
  7 plants
47 creatures vanquished.

Grand Total: 679 creatures vanquished

Notes
Turn   | Place    | Note
-------+----------+-------------------------------------------
     0 | D:1      | Infinimo the Minotaur Gladiator began the quest for the Orb.
     0 | D:1      | Reached XP level 1. HP: 18/18 MP: 0/0
    56 | D:1      | Reached skill level 4 in Long Blades
    61 | D:1      | Reached XP level 2. HP: 19/25 MP: 1/1
   466 | D:1      | Reached skill level 5 in Long Blades
   572 | D:1      | Reached XP level 3. HP: 23/30 MP: 2/2
  2194 | D:2      | Reached XP level 4. HP: 31/37 MP: 3/3
  2328 | D:2      | Reached skill level 6 in Long Blades
  2939 | D:3      | Found a glowing silver altar of Zin.
  2946 | D:3      | Noticed Robin
  3179 | D:3      | Reached XP level 5. HP: 35/42 MP: 4/4
  3347 | D:3      | Reached skill level 7 in Long Blades
  3362 | D:3      | Killed Robin
  3791 | D:3      | Reached skill level 8 in Long Blades
  4033 | D:4      | Reached XP level 6. HP: 40/50 MP: 5/5
  4257 | D:4      | Reached skill level 9 in Long Blades
  4427 | D:4      | Reached XP level 7. HP: 48/56 MP: 6/6
  4499 | D:4      | Noticed Herrn's ghost (amateur FoMo)
  4563 | D:4      | Killed Herrn's ghost
  4563 | D:4      | Reached skill level 10 in Long Blades
  4641 | D:4      | Found a hazy altar of Hepliaklqana.
  4653 | D:4      | Reached skill level 11 in Long Blades
  4668 | D:4      | Became a worshipper of Hepliaklqana the Forgotten
  4687 | D:4      | Found a snail-covered altar of Cheibriados.
  4816 | D:5      | Entered Level 5 of the Dungeon
  4859 | D:5      | Noticed Sigmund
  4876 | D:5      | Killed Sigmund
  4876 | D:5      | Reached XP level 8. HP: 52/55 MP: 7/7
  4950 | D:5      | Noticed Garrluk's ghost (amateur OgGl)
  4971 | D:5      | Killed Garrluk's ghost
  5211 | D:5      | Found Arrecwa's Distillery.
  5341 | D:5      | Reached skill level 12 in Long Blades
  5582 | D:5      | Found a staircase to the Ecumenical Temple.
  5649 | D:5      | Reached * piety under Hepliaklqana
  5661 | D:5      | Bought a potion of heal wounds for 75 gold pieces
  5939 | D:6      | Noticed emsyzz's ghost (novice HaFi)
  5961 | D:6      | Killed emsyzz's ghost
  5961 | D:6      | Reached skill level 13 in Long Blades
  6049 | D:6      | Reached XP level 9. HP: 59/61 MP: 8/8
  6070 | D:6      | Reached skill level 14 in Long Blades
  6449 | D:6      | Found a sparkling altar of Nemelex Xobeh.
  6621 | D:7      | Noticed Pikel
  6655 | D:7      | Killed Pikel
  6655 | D:7      | Reached skill level 15 in Long Blades
  6805 | D:7      | Noticed Joseph
  6829 | D:7      | Killed Joseph
  6829 | D:7      | Reached skill level 5 in Dodging
  7027 | D:7      | Reached ** piety under Hepliaklqana
  7028 | D:7      | Remembered your ancestor Decoy as a hexer
  7120 | D:7      | Found a basalt altar of Yredelemnul.
  7276 | D:7      | Found a runed door.
  7453 | D:7      | Noticed Crazy Yiuf
  7455 | D:7      | Killed Crazy Yiuf
  7522 | D:8      | Noticed a two-headed ogre
  7531 | D:8      | Killed a two-headed ogre
  7531 | D:8      | Reached XP level 10. HP: 48/66 MP: 9/9
  7608 | D:8      | Noticed a two-headed ogre
  7744 | D:8      | Killed a two-headed ogre
  8005 | D:9      | Found a bloodstained altar of Trog.
  8122 | D:9      | Found a staircase to the Lair.
  8138 | D:9      | Reached skill level 10 in Dodging
  8218 | D:9      | Reached *** piety under Hepliaklqana
  8305 | D:9      | Paralysed by a hornet for 3 turns
  8718 | D:10     | Entered Level 10 of the Dungeon
  8782 | Lair:1   | Entered Level 1 of the Lair of Beasts
  8782 | Lair:1   | Noticed a spiny frog
  8799 | Lair:1   | Reached skill level 5 in Armour
  8811 | D:9      | Killed a spiny frog
  9085 | Lair:1   | Reached XP level 11. HP: 53/75 MP: 10/10
  9319 | Lair:1   | Reached **** piety under Hepliaklqana
  9336 | Lair:1   | Reached skill level 5 in Fighting
 10448 | Lair:2   | Noticed Sonja
 10459 | Lair:2   | Killed Sonja
 10459 | Lair:2   | Reached skill level 10 in Fighting
 11134 | Lair:2   | Found a hole to the Spider Nest.
 11661 | Lair:3   | Reached XP level 12. HP: 85/95 MP: 11/11
 11672 | Lair:3   | Reached skill level 10 in Armour
 11866 | Lair:3   | Found a staircase to the Shoals.
 11867 | Lair:3   | Noticed an eight-headed hydra
 12172 | Lair:3   | Found a frozen archway.
 12201 | IceCv    | Entered an ice cave
 12346 | IceCv    | Killed a reaper
 13155 | IceCv    | Reached skill level 16 in Long Blades
 13541 | IceCv    | Got a fine shortbow
 13692 | Lair:3   | Noticed Deemzul's ghost (journeyman OpMo)
 13703 | Lair:3   | Killed Deemzul's ghost
 13815 | Lair:3   | Killed a nine-headed hydra
 14004 | Lair:3   | Reached skill level 17 in Long Blades
 14134 | Lair:3   | Noticed a catoblepas
 14146 | Lair:3   | Killed a catoblepas
 14669 | Lair:3   | Noticed a seven-headed hydra
 14682 | Lair:3   | Killed a seven-headed hydra
 14714 | Lair:3   | Identified the cursed +0 shortbow of Xom's Hope {flame, Dex+6} (You found it in an ice cave)
 14738 | Lair:4   | Reached ***** piety under Hepliaklqana
 14804 | Lair:4   | Reached skill level 18 in Long Blades
 15212 | Lair:4   | Reached XP level 13. HP: 101/101 MP: 12/12
 15608 | Lair:4   | Reached skill level 19 in Long Blades
 16193 | Lair:5   | Found a deep blue altar of Sif Muna.
 16717 | Lair:6   | Entered Level 6 of the Lair of Beasts
 16982 | Lair:6   | Reached skill level 20 in Long Blades
 17283 | Lair:6   | Reached ****** piety under Hepliaklqana
 17658 | Lair:6   | Found a staircase to the Slime Pits.
 18007 | Lair:6   | Reached skill level 21 in Long Blades
 18013 | Lair:6   | Noticed a dire elephant
 18013 | Lair:6   | Noticed a dire elephant
 18026 | Lair:6   | Killed a dire elephant
 18037 | Lair:6   | Killed a dire elephant
 18037 | Lair:6   | Reached XP level 14. HP: 45/108 MP: 13/13
 18294 | Lair:6   | Identified the Papyrus of Arcane Weapons
 19080 | D:10     | Noticed Snorg
 19093 | D:10     | Killed Snorg
 20541 | D:12     | Found a staircase to the Orcish Mines.
 21190 | Orc:1    | Entered Level 1 of the Orcish Mines
 21285 | Orc:2    | Entered Level 2 of the Orcish Mines
 21502 | Orc:2    | Found Etrieh's General Store.
 22537 | Orc:2    | Found Cuun's General Store.
 22945 | Orc:2    | Found a staircase to the Elven Halls.
 23143 | Orc:2    | Bought the +0 pair of gloves of the Realm of Zot {rF+ Int+3} for 372 gold pieces
 23192 | Orc:2    | Paralysed by an orc sorcerer for 3 turns
 23200 | Orc:2    | Slain by a torturous demonspawn

Vault maps used:
D:1:      minmay_arrival_three_doors
D:3:      zin_academy, first_bread, uniq_robin
D:4:      kennysheep_mini, lemuel_round_altar
D:5:      minmay_temple_entry_enclosed_plants, serial_shops,
          nicolae_shop_statue_plus, kennysheep_potato, uniq_sigmund
D:6:      lemuel_doored_altar
D:7:      basic_altar, uniq_crazy_yiuf_cottage, uniq_pikel, uniq_joseph
D:9:      lemuel_ice_spiral_2, trog_ov_bears_minmay, minmay_lair_entry_lava,
          serial_column_ruins, column_ruins_grid_1,
          column_ruins_open_tiny_water, column_ruins_open_tiny
D:10:     uniq_snorg
D:12:     zombieorc1_lemuel, hangedman_little_slice_of_home
D:13:     david_vaults_1, serial_shops, shop, nicolae_trove_entry_diagonal
Lair:2:   spider_nest_entry_web_field, uniq_sonja
Lair:3:   minmay_shoals_entry_hut, portal_ice_cave_entry_imps
Lair:4:   serial_bayou_lagoon_b, grunt_megastairs_4, infiniplex_staircase_pool_2
Lair:5:   basic_altar
Lair:6:   due_jungle_book, minmay_slime_entry_pillars, grunt_megastairs_1
Orc:1:    serial_shops, statue_in_the_mist_lemuel
Orc:2:    pf_orc_diabolical
IceCv:    ice_cave_small_demon

Skill      XL: |  1  2  3  4  5  6  7  8  9 10 11 12 13 14 |
---------------+-------------------------------------------+-----
Long Blades    | 4 5 6 8 9 11 13 15 18 21 | 21.7
Dodging        | 7 10 | 10.1
Armour         | 6 9 11 14 | 14.8
Fighting       | 4 10 | 10.1
Throwing       | |  2.0

Action                   |  1- 3 |  4- 6 |  7- 9 | 10-12 | 13-15 || total
-------------------------+-------+-------+-------+-------+-------++-------
Melee: Long sword        |    85 |   120 |   283 |   712 |       ||  1200
       Headbutt          |    14 |    19 |    65 |   234 |   266 ||   598
       Great sword       |       |       |       |    47 |   895 ||   942
       Quick blade       |       |       |       |    18 |    65 ||    83
Invok: Ancestor Identity |       |       |     3 |       |       ||     3
       Ancestor Life: He |       |       |     1 |       |       ||     1
  Use: Scroll            |       |     6 |     6 |    16 |     5 ||    33
       Potion            |       |       |     4 |     7 |     5 ||    16
 Stab: Distracted        |       |       |     1 |     8 |    11 ||    20
       Confused          |       |       |       |     6 |     4 ||    10
       Invisible         |       |       |       |     1 |       ||     1
  Eat: Chunk             |     1 |     4 |     5 |    14 |    23 ||    47
       Meat ration       |     1 |       |     1 |       |       ||     2
       Fruit             |       |       |       |     3 |       ||     3
       Bread ration      |       |       |       |     2 |     1 ||     3
Armor: Leather armour    |    17 |     7 |       |       |       ||    24
       Ring mail         |       |    39 |    71 |   209 |       ||   319
       Skin              |       |       |     3 |       |       ||     3
       Crystal plate arm |       |       |       |   113 |   646 ||   759
Dodge: Dodged            |    70 |    60 |   130 |   519 |   281 ||  1060
       Rpst.: Long sword |     9 |    16 |    33 |   136 |       ||   194
       Great sword       |       |       |       |     6 |    64 ||    70
